 Dungeon Crawl Stone Soup version 0.30-a0-469-g84de5afbc5 (webtiles) character file.

Game seed: 8407954733960442874

3663 kae the Destroyer (level 10, -5/50 HPs)
             Began as a Tengu Fire Elementalist on Dec 19, 2022.
             Was a Believer of Vehumet.
             Slain by a centaur warrior zombie (7 damage)
             ... on level 7 of the Dungeon.
             The game lasted 00:07:03 (7649 turns).

kae the Destroyer (Tengu Fire Elementalist)         Turns: 7649, Time: 00:07:03

Health: -5/50      AC:  7    Str:  8    XL:     10   Next: 12%
Magic:  5/22       EV: 14    Int: 21    God:    Vehumet [**....]
Gold:   355        SH:  0    Dex: 14    Spells: 11/24 levels left

rFire   + + .      SeeInvis .    d - staff of fire {!a}
rCold   + . .      Faith    .    (no shield)
rNeg    . . .      Spirit   .    i - +3 leather armour {rC+}
rPois   .          Reflect  .    (helmet restricted)
rElec   .          Harm     .    x - +0 cloak
rCorr   .          Rampage  .    (no gloves)
Will    .....                    (boots unavailable)
Stlth   ++........               (no amulet)
HPRegen 0.28/turn                F - ring of protection from fire
MPRegen 0.18/turn                (no ring)

@: flying quickly and evasively, quick
A: beak, talons 3, nimble flight
a: Renounce Religion


You were on level 7 of the Dungeon.
You worshipped Vehumet.
Vehumet was pleased with you.
You visited 1 branch of the dungeon, and saw 7 of its levels.
You also visited: Sewer.

You collected 355 gold pieces.


Innate Abilities, Weirdness & Mutations

You have a beak for a mouth.
You have claws for feet.
Your magical nature lets you fly swiftly and evasively.


   Skills:
 - Level 2.1 Dodging
 - Level 2.0 Stealth
 + Level 7.8 Spellcasting
 + Level 10.7 Conjurations
 + Level 9.6 Fire Magic


You had 11 spell levels left.
You knew the following spells:

 Your Spells              Type           Power      Damage    Failure   Level
a - Foxfire               Conj/Fire      100%       2x1d9     1%          1
b - Scorch                Fire           100%       2d10      1%          2
c - Inner Flame           Hex/Fire       42%        N/A       4%          3
d - Flame Wave            Conj/Fire      67%        2d15      1%          4
e - Kindle Blastsparks    Fire/Tloc/Air  64%        2d15      10%         3

Your spell library contained the following spells:

 Spells                   Type           Power      Damage    Failure   Level
 Momentum Strike          Conj/Tloc      60%        3d9       1%          2
 Hailstorm                Conj/Ice       30%        3d8       3%          3
 Iskenderun's Battlesphe  Conj           52%        2d10      3%          5
 Fireball                 Conj/Fire      33%        3d14      4%          5
 Freeze                   Ice            32%        1d5       12%         1
 Frozen Ramparts          Ice            16%        1d3       34%         3
 Lightning Bolt           Conj/Air       15%        1d29      34%         5
 Airstrike                Air            4%         2d(1-17)  75%         4
 Summon Lightning Spire   Summ/Air       8%         N/A       75%         4
 Orb of Destruction       Conj           26%        9d9       75%         7
 Conjure Ball Lightning   Conj/Air       15%        3x3d7     89%         6

Inventory:

Hand Weapons
 h - a +1 dagger of freezing
   (You took it off a kobold on level 1 of the Dungeon)
Missiles
 f - 92 stones
 j - 2 boomerangs of dispersal {=f!f}
 r - 11 atropa-tipped darts
 u - 10 poisoned darts
 v - 4 boomerangs
 E - a curare-tipped dart {=f}
Armour
 a - a +0 robe
 i - a +3 leather armour of cold resistance (worn)
   (You took it off a hobgoblin on level 1 of the Dungeon)
 x - a +0 cloak (worn)
   (You took it off Crazy Yiuf on level 5 of the Dungeon)
Magical Staves
 d - a staff of fire (weapon) {!a}
   (You acquired it on level 1 of the Dungeon)
Jewellery
 C - a ring of ice
   (You found it on level 6 of the Dungeon)
 F - a ring of protection from fire (left hand)
   (You found it on level 3 of the Dungeon)
 T - an amulet of faith {!P}
   (You found it on level 3 of the Dungeon)
Wands
 s - a wand of flame (11)
   (You took it off a kobold on level 4 of the Dungeon)
 t - a wand of digging (6)
   (You found it on level 5 of the Dungeon)
Scrolls
 g - 2 scrolls of magic mapping {!r}
 n - a scroll of noise {unknown}
 w - 2 scrolls of enchant armour
 y - a scroll of brand weapon
 H - a scroll of enchant weapon
Potions
 b - 3 potions of magic
 c - 9 potions of curing {@q1}
 e - a potion of heal wounds {unknown}
 k - a potion of berserk rage {unknown}
 l - a potion of lignification {unknown}
 m - 2 potions of degeneration {!q}
 o - 4 potions of mutation {unknown}
 p - 3 potions of haste {unknown}
 q - a potion of ambrosia {unknown}
 z - a potion of brilliance {unknown}
 A - a potion of might {unknown}
 D - a potion of resistance {unknown}
 G - 2 potions of invisibility

Dungeon Overview and Level Annotations

Branches:
Dungeon (7/15) Zot: 26263  Temple (0/1) D:5           Sewer (visited)

Altars:
Ashenzari
Kikubaaqudgha
Makhleb
Nemelex Xobeh
Sif Muna
Trog
Vehumet

Shops:
D:1 :

Annotations:
D:7 Duvessa

#....#.#..# #.#.##
#....#.#..####.#.#
+....'>.....##.#.#
#....#......'..#.#
#....#......####.#
#....#......# #.#
#....#......# #.#
#######....#......#
#.#
#......Z@..#......#
#.#
##.##########.######
#.# #..# #. #.# #.##
#.# #.# #.# ... #.#
..... #.# P.....e
#.# ......8.. #.#


You could see a centaur warrior zombie (combustible).


Message History

You feel a surge of power!
Flames lash the centaur warrior skeleton.
The centaur warrior skeleton is burned terribly!
The centaur warrior skeleton hits you!
The centaur warrior skeleton misses you.
The centaur warrior skeleton hits you.
The centaur warrior skeleton misses you. 😮 HP[-12] MP[-2]
You take 12 damage, and now have 26/50 hp.
MASSIVE DAMAGE!! (PAUSE)
You lost 2 mp, and now have 15/22 mp.
Casting: Scorch (safe; 1% risk of failure)
Confirm with . or Enter, or press ? or * to list all spells.
You feel a surge of power!
Flames lash the centaur warrior skeleton.
The centaur warrior skeleton is burned terribly!
You destroy the centaur warrior skeleton!
Vehumet accepts your kill.
You feel your power returning. 😮 HP[+1]
Casting: Scorch (safe; 1% risk of failure)
Confirm with . or Enter, or press ? or * to list all spells.
You can't see any susceptible monsters within range! (Use Z to cast anyway.)
A centaur warrior zombie comes into view. 😮 HP[+1]
A centaur warrior zombie is nearby!
A centaur warrior zombie is nearby!
Casting: Scorch (safe; 1% risk of failure)
Confirm with . or Enter, or press ? or * to list all spells.
You feel a surge of power!
You conjure some foxfire!
The foxfire hits the centaur warrior zombie. 😮 MP[-1]
You lost 1 mp, and now have 14/22 mp.
Casting: Foxfire (safe; 1% risk of failure)
Confirm with . or Enter, or press ? or * to list all spells.
You feel a surge of power!
You conjure some foxfire!
The foxfire hits the centaur warrior zombie.
The foxfire hits the centaur warrior zombie. x2 😮 HP[+1]
Casting: Foxfire (safe; 1% risk of failure)
Confirm with . or Enter, or press ? or * to list all spells.
You feel a surge of power!
Flames lash the centaur warrior zombie.
The centaur warrior zombie's fire resistance burns away.
The centaur warrior zombie hits you but does no damage.
The centaur warrior zombie kicks you. The centaur warrior zombie hits you.
The centaur warrior zombie completely misses you. 😮 HP[-3] MP[-2]
You take 3 damage, and now have 26/50 hp.
You lost 2 mp, and now have 12/22 mp.
Casting: Scorch (safe; 1% risk of failure)
Confirm with . or Enter, or press ? or * to list all spells.
You feel a surge of power!
Flames lash the centaur warrior zombie.
The centaur warrior zombie is burned terribly!
The centaur warrior zombie hits you!
* * * LOW HITPOINT WARNING * * *
The centaur warrior zombie kicks you but does no damage.
The centaur warrior zombie hits you.
* * * LOW HITPOINT WARNING * * *
The centaur warrior zombie kicks you but does no damage. 😨 HP[-8] MP[-2]
You take 8 damage, and now have 18/50 hp.
You lost 2 mp, and now have 10/22 mp.
Casting: Scorch (safe; 1% risk of failure)
Confirm with . or Enter, or press ? or * to list all spells.
You feel a surge of power!
Flames lash the centaur warrior zombie.
The centaur warrior zombie is burned terribly!
The centaur warrior zombie misses you.
The centaur warrior zombie kicks you but does no damage.
The centaur warrior zombie hits you but does no damage.
The centaur warrior zombie closely misses you.
The centaur warrior zombie hits you.
* * * LOW HITPOINT WARNING * * *
The centaur warrior zombie barely misses you. 😨 HP[-2] MP[-1]
You take 2 damage, and now have 16/50 hp.
You lost 1 mp, and now have 9/22 mp.
Casting: Scorch (safe; 1% risk of failure)
Confirm with . or Enter, or press ? or * to list all spells.
You feel a surge of power!
Flames lash the centaur warrior zombie.
The centaur warrior zombie is burned terribly!
The centaur warrior zombie hits you!
* * * LOW HITPOINT WARNING * * *
The centaur warrior zombie barely misses you.
The centaur warrior zombie hits you!
* * * LOW HITPOINT WARNING * * *
The centaur warrior zombie barely misses you.
The centaur warrior zombie closely misses you. x2 😱 HP[-14] MP[-2]
You take 14 damage, and now have 2/50 hp.
MASSIVE DAMAGE!! (PAUSE)
You lost 2 mp, and now have 7/22 mp.
Casting: Scorch (safe; 1% risk of failure)
Confirm with . or Enter, or press ? or * to list all spells.
You feel a surge of power!
Flames lash the centaur warrior zombie.
The centaur warrior zombie is burned terribly!
The centaur warrior zombie closely misses you.
The centaur warrior zombie kicks you but does no damage.
The centaur warrior zombie hits you!
You die...

Skill      XL: |  1  2  3  4  5  6  7  8  9 |
---------------+----------------------------+-----
Conjurations   | 2 3 4 5 6 8 10 | 10.7
Fire Magic     | 4 5 6 7 9 |  9.6
Spellcasting   | 3 4 6 7 |  7.8
Dodging        | |  2.1
Stealth        | |  2.0

Action                   |  1- 3 |  4- 6 |  7- 9 | 10-12 || total
-------------------------+-------+-------+-------+-------++-------
Melee: Unarmed           |    12 |       |       |       ||    12
       Kick              |     4 |       |     1 |       ||     5
       Peck              |     2 |       |     3 |       ||     5
       Staff             |       |       |     5 |       ||     5
       Punch             |       |       |     1 |       ||     1
 Cast: Foxfire           |    78 |    73 |    93 |     3 ||   247
       Scorch            |     3 |     7 |    44 |    12 ||    66
       Inner Flame       |       |     2 |     3 |       ||     5
       Flame Wave        |       |       |     3 |       ||     3
       Kindle Blastspark |       |       |     1 |     1 ||     2
Evoke: Wand              |       |       |     5 |       ||     5
  Use: Scroll            |     3 |     4 |     5 |       ||    12
Armor: Robe              |     3 |       |       |       ||     3
       Leather armour    |       |     3 |    26 |    13 ||    42
Dodge: Dodged            |     8 |     3 |    64 |    13 ||    88

Levels and vault maps discovered:
D:1:      dpeg_arrival_line_fractal, layout_basic, serial_shops,
          nicolae_shop_trees, dk_noncrumbling_4, minmay_quantized
D:2:      layout_rooms, moated_statue
D:3:      layout_loops_ring, mainiacjoe_overflow_chevrons, kennysheep_nub
D:4:      layout_loops_corners, mainiacjoe_overflow_tiny_flanked,
          vehumet_altar_wand_db, minmay_overflow_temple_star_quad
D:5:      layout_loops_corners, mainiacjoe_overflow_catwalk, temple_pool_b,
          uniq_crazy_yiuf_cottage
D:6:      nicolae_cairo_tiling_very_big, layout_loops_ring,
          gup_sewer_entry_bubbles
D:7:      cheibrodos_grave_circle, layout_basic, mainiacjoe_overflow_paths,
          ebering_ghost_disaster_area, nzn_random_ring, uniq_duvessa

Notes
Turn   | Place    | Note
-------+----------+-------------------------------------------
     0 | D:1      | kae the Tengu Fire Elementalist began the quest for the
                  | Orb.
     0 | D:1      | Reached XP level 1. HP: 10/10 MP: 4/4
     0 | D:1      | magus.rc [v1.11.3]
   171 | D:1      | Reached skill level 2 in Conjurations
   171 | D:1      | Reached XP level 2. HP: 15/15 MP: 0/6
   232 | D:1      | Learned a level 2 spell: Scorch
   243 | D:1      | Found Riqygome's Book Shop.
   591 | D:1      | Reached XP level 3. HP: 19/19 MP: 3/7
  1125 | D:1      | Identified a scroll of acquirement
  1125 | D:1      | Acquired a staff of fire
  1405 | D:2      | Reached skill level 3 in Conjurations
  1429 | D:2      | Reached skill level 4 in Fire Magic
  1701 | D:2      | Reached XP level 4. HP: 24/24 MP: 4/9
  1826 | D:2      | Learned a level 3 spell: Inner Flame
  2072 | D:3      | You pick up a book of Storms and begin reading...
  2072 | D:3      | You add the spells Airstrike, Summon Lightning Spire and
                  | Lightning Bolt to your library.
  2206 | D:3      | Found a sparkling altar of Nemelex Xobeh.
  2735 | D:4      | Found a bloodstained altar of Trog.
  2766 | D:4      | Reached skill level 3 in Spellcasting
  2858 | D:4      | Gained mutation: Your magical nature lets you fly swiftly
                  | and evasively. [Tengu growth]
  2858 | D:4      | Reached XP level 5. HP: 28/28 MP: 5/10
  2864 | D:4      | Reached skill level 4 in Conjurations
  3310 | D:4      | Found a shimmering blue altar of Sif Muna.
  3315 | D:4      | Found a burning altar of Makhleb.
  3319 | D:4      | Found a broken altar of Ashenzari.
  3631 | D:4      | Reached skill level 5 in Fire Magic
  3631 | D:4      | Reached XP level 6. HP: 32/32 MP: 8/12
  3766 | D:4      | Found a radiant altar of Vehumet.
  4000 | D:4      | Became a worshipper of Vehumet
  4047 | D:5      | Entered Level 5 of the Dungeon
  4053 | D:5      | Learned a level 4 spell: Flame Wave
  4068 | D:5      | Found an ancient bone altar of Kikubaaqudgha.
  4142 | D:5      | Noticed an orc warrior
  4157 | D:5      | Killed an orc warrior
  4158 | D:5      | Reached skill level 4 in Spellcasting
  4158 | D:5      | Reached skill level 5 in Conjurations
  4163 | D:5      | Reached XP level 7. HP: 36/36 MP: 4/14
  4509 | D:5      | Reached skill level 6 in Conjurations
  4509 | D:5      | Reached skill level 6 in Fire Magic
  4549 | D:5      | Found a staircase to the Ecumenical Temple.
  4594 | D:5      | You pick up a book of Frost and begin reading...
  4594 | D:5      | You add the spells Freeze, Frozen Ramparts and Hailstorm to
                  | your library.
  4997 | D:5      | Reached XP level 8. HP: 41/41 MP: 13/16
  5026 | D:5      | Found a runed translucent door.
  5027 | D:5      | Noticed Crazy Yiuf
  5231 | D:5      | Killed Crazy Yiuf
  5232 | D:5      | Reached skill level 5 in Spellcasting
  5288 | D:5      | Learned a level 3 spell: Kindle Blastsparks
  5423 | D:6      | Reached skill level 7 in Conjurations
  5464 | D:6      | Reached * piety under Vehumet
  5464 | D:6      | Offered knowledge of Magic Dart by Vehumet.
  5482 | D:6      | Found a glowing drain.
  5495 | Sewer    | Entered a sewer
  5710 | Sewer    | Found an ancient bone altar of Kikubaaqudgha.
  5767 | Sewer    | Noticed Grinder
  5777 | Sewer    | Killed Grinder
  5778 | Sewer    | Reached skill level 7 in Fire Magic
  5934 | Sewer    | Reached skill level 8 in Conjurations
  6203 | D:6      | Reached skill level 6 in Spellcasting
  6389 | D:6      | Reached XP level 9. HP: 30/45 MP: 7/19
  6389 | D:6      | Reached ** piety under Vehumet
  6389 | D:6      | Offered knowledge of Momentum Strike by Vehumet.
  6800 | D:6      | Reached skill level 8 in Fire Magic
  7024 | D:7      | Reached skill level 9 in Conjurations
  7045 | D:7      | Noticed a centaur warrior
  7054 | D:7      | Killed a centaur warrior
  7055 | D:7      | Reached skill level 7 in Spellcasting
  7055 | D:7      | Reached skill level 10 in Conjurations
  7055 | D:7      | Reached skill level 9 in Fire Magic
  7244 | D:7      | Reached XP level 10. HP: 37/49 MP: 8/22
  7320 | D:7      | You pick up a book of the Spheres and begin reading...
  7320 | D:7      | You add the spells Iskenderun's Battlesphere, Fireball,
                  | Conjure Ball Lightning and Orb of Destruction to your
                  | library.
  7615 | D:7      | Identified the +2 rapier "Mufeat" {holy, Fly}
  7615 | D:7      | Noticed Duvessa
  7646 | D:7      | HP: 9/50 [centaur warrior zombie (8)]
  7647 | D:7      | HP: 2/50 [centaur warrior zombie (7)]
  7649 | D:7      | Slain by a centaur warrior zombie

Vanquished Creatures
  A centaur warrior (D:7)
  A centaur skeleton (D:7)
  Grinder (Sewer)
  A wyvern (D:7)
  A black bear (D:6)
  A sky beast (D:7)
  2 orc warriors
  2 ogres (D:5)
  2 centaurs
  A phantom (D:7)
  A kobold brigand (Sewer)
  2 bullfrogs (D:7)
  2 gnoll sergeants
  A scorpion (D:5)
  5 necrophages
  3 wights
  A howler monkey (D:6)
  A jelly (D:7)
  Crazy Yiuf (D:5)
  2 orc priests
  4 hounds
  3 iguanas
  7 orc wizards
  5 gnolls (D:6)
  4 adders
  A river rat (D:6)
  4 shadow imps
  3 white imps
  5 ufetubi
  2 worms
  4 dart slugs
  19 orcs
  10 ball pythons
  5 bats
  A bat zombie (Sewer)
  10 endoplasms
  8 giant cockroaches
  2 goblins
  3 hobgoblins
  3 jackals (D:1)
  17 kobolds
  8 quokkas
  2 frilled lizards
  A kobold zombie (Sewer)
  3 rats
166 creatures vanquished.

Vanquished Creatures (others)
  412 foxfires
  12 withered plants (D:7)
424 creatures vanquished.

Grand Total: 590 creatures vanquished

Table legend:
 A = Non-vault XP
 B = Vault XP
 C = Vault XP percentage of total XP
 D = Non-vault monster count
 E = Vault monster count
 F = Vault count percentage of total count
                 A         B        C        D         E       F
            +---------+---------+-------+---------+---------+-------
      Total |    2078 |    3156 |  60.3 |     110 |      56 |  33.7
            +---------+---------+-------+---------+---------+-------
        D:1 |      42 |       7 |  14.3 |      24 |       4 |  14.3
        D:2 |      39 |       0 |   0.0 |      14 |       0 |   0.0
        D:3 |      22 |       0 |   0.0 |      11 |       0 |   0.0
        D:4 |     322 |       1 |   0.3 |      22 |       1 |   4.3
        D:5 |     768 |      41 |   5.1 |      18 |       1 |   5.3
        D:6 |     762 |      36 |   4.5 |      19 |       5 |  20.8
        D:7 |     123 |    2481 |  95.3 |       2 |      21 |  91.3
      Sewer |       0 |     590 | 100.0 |       0 |      24 | 100.0
            +---------+---------+-------+---------+---------+-------

Illustrated notes

Table legend:
 A = Kills in this place as a percentage of kills in entire the game.
 B = Kills by you in this place as a percentage of kills by you in the entire game.
 C = Kills by friends in this place as a percentage of kills by friends in the entire game.
 D = Other kills in this place as a percentage of other kills in the entire game.
 E = Experience gained in this place as a percentage of experience gained in the entire game.
 F = Experience gained in this place divided by the number of levels of this place that you have seen.
                   A       B       C       D       E      F
               +-------+-------+-------+-------+-------+----------------------
         Total | 100.0 | 100.0 |   N/A |   N/A | 100.0 | 654.2
       Dungeon |  85.5 |  85.5 |   N/A |   N/A |  88.7 | 663.4
         Sewer |  14.5 |  14.5 |   N/A |   N/A |  11.3 | 590.0
               +-------+-------+-------+-------+-------+----------------------

Table legend: (Time is in decaauts)
 A = Elapsed time spent in this place.
 B = Non-inter-level travel time spent in this place.
 C = Inter-level travel time spent in this place.
 D = Time resting spent in this place.
 E = Time spent auto-exploring this place.
 F = Levels seen in this place.
 G = Mean time per level.
                   A        B        C        D        E       F      G
               +--------+--------+--------+--------+--------+-----+--------+
         Total |   7353 |   7115 |    238 |    107 |   5932 |   8 |  919.1 |
       Dungeon |   6825 |   6587 |    238 |    107 |   5532 |   7 |  975.0 |
         Sewer |    528 |    528 |      0 |      0 |    400 |   1 |  528.0 |
               +--------+--------+--------+--------+--------+-----+--------+

Top non-repeatable levels by time:
     D:4: 1226 daAuts
     D:5: 1181 daAuts
     D:1: 1134 daAuts
     D:6: 1041 daAuts
     D:3: 873 daAuts
     D:2: 724 daAuts
     D:7: 644 daAuts
   Sewer: 528 daAuts
